 Dungeon Crawl Stone Soup version 0.27-a0-906-g0a00ce863d (webtiles) character file.

Game seed: 1178684635287716593

11498 snetch the Cleaver (level 11, 0/153 HPs)
             Began as a Minotaur Berserker on Apr 6, 2021.
             Was a High Priest of Trog.
             Slain by a minotaur
             ... wielding a staff of fire
              (9 damage)
             ... in a Gauntlet on Apr 7, 2021.
             The game lasted 00:34:33 (11325 turns).

snetch the Cleaver (Minotaur Berserker)            Turns: 11325, Time: 00:34:33

Health: 0/153      AC: 15    Str: 24    XL:     11   Next: 50%
Magic:  10/10      EV: 15    Int:  4    God:    Trog [*****.]
Gold:   485        SH:  0    Dex: 11    Spells: 10/10 levels left

rFire    . . .     SeeInvis .   a - +4 battleaxe (freeze)
rCold    + . .     Faith    .   (shield currently unavailable)
rNeg     . . .     Spirit   .   L - +0 chain mail
rPois    .         Reflect  .   (helmet restricted)
rElec    .         Harm     .   P - +1 cloak of Starlight {*Dazzle EV+4 Stlth--}
rCorr    .         Rampage  +   (no gloves)
Will     .....     NoTele   +   c - +0 pair of boots {rampage}
Stlth    ..........             n - amulet of the acrobat
HPRegen  0.35/turn              v - ring of protection from cold
MPRegen  0.12/turn              J - ring of flight

@: berserking, flying, very quick
A: horns 2, retaliatory headbutt
a: Renounce Religion, Berserk, Trog's Hand, Brothers in Arms


You were in a Gauntlet.
You worshipped Trog.
Trog was extremely pleased with you.
You visited 2 branches of the dungeon, and saw 12 of its levels.
You also visited: Sewer and Gauntlet.

You collected 485 gold pieces.

Inventory:

Hand Weapons
 a - a +4 battleaxe of freezing (weapon)
 b - a +3 morningstar
 o - a +2 vorpal fustibalus
Missiles
 d - 123 sling bullets
 g - 137 bolts
 h - 162 arrows
 p - 73 poisoned darts (quivered)
 D - 2 curare-tipped darts
 I - 5 boomerangs
 K - 342 stones
Armour
 c - a +0 pair of boots of rampaging (worn)
 z - a +0 pair of boots
 L - a +0 chain mail (worn)
 P - the +1 cloak of Starlight (worn) {*Dazzle EV+4 Stlth--}
   (You found it on level 8 of the Dungeon)

   It affects your evasion (+4).
   It makes you much less stealthy.
Magical Staves
 y - a staff of earth
Jewellery
 n - an amulet of the acrobat (around neck)
 v - a ring of protection from cold (left hand)
 J - a ring of flight (right hand)
Wands
 r - a wand of iceblast (33)
 E - a wand of flame (20)
 Q - a wand of random effects (37)
Scrolls
 j - 3 scrolls of immolation
 k - a scroll of silence
 l - a scroll of acquirement {unknown}
 q - 6 scrolls of teleportation
 u - a scroll of enchant weapon {unknown}
 w - 3 scrolls of magic mapping {unknown}
 x - 3 scrolls of noise {unknown}
 A - a scroll of summoning {unknown}
 F - a scroll of fear {unknown}
 H - a scroll of blinking {unknown}
 N - 2 scrolls of fog {unknown}
 O - a scroll of enchant armour {unknown}
Potions
 e - 3 potions of might {unknown}
 f - 3 potions of heal wounds
 i - 2 potions of brilliance {unknown}
 m - 2 potions of haste {unknown}
 s - 2 potions of mutation {unknown}
 t - a potion of attraction {unknown}
 B - 2 potions of flight {unknown}
 C - 2 potions of curing
 G - a potion of resistance
 M - a potion of lignification {unknown}
 R - 2 potions of degeneration {unknown}


   Skills:
 + Level 11.1 Fighting
 + Level 13.3(13.9) Axes
 + Level 7.3(11.2) Maces & Flails
 + Level 9.0 Armour
 + Level 7.9 Dodging


You had 10 spell levels left.
You didn't know any spells.
Your spell library contained the following spells:

 Spells                   Type           Power      Damage    Failure   Level
 Animate Skeleton         Necr           0%         N/A       97%         1
 Apportation              Tloc           0%         N/A       97%         1
 Beastly Appendage        Tmut           0%         N/A       97%         1
 Corona                   Hex            0%         N/A       97%         1
 Summon Small Mammal      Summ           0%         N/A       97%         1
 Wereblood                Tmut           0%         N/A       99%         2
 Spider Form              Tmut/Pois      0%         N/A       100%        3
 Ice Form                 Ice/Tmut       0%         N/A       100%        4
 Hydra Form               Tmut           0%         N/A       100%        5


Dungeon Overview and Level Annotations

Branches:
Dungeon (11/15)            Temple (1/1) D:7            Lair (0/6) D:8
  Sewer (visited)         Gauntlet (1/1)
    Orc: D:9-12

Altars:
Ashenzari
Cheibriados
Dithmenos
Elyvilon
Fedhas
Gozag
Hepliaklqana
Kikubaaqudgha
Makhleb
Nemelex Xobeh
Okawaru
Qazlal
Ru
Sif Muna
Trog
Uskayaw
Vehumet
Wu Jian
Xom
Yredelemnul
Zin
The Shining One

Annotations:
Gauntlet 6 transporters, 21 runed translucent doors


Innate Abilities, Weirdness & Mutations

You have a pair of horns on your head.
You reflexively headbutt those who attack you in melee.


Message History

The minotaur gores you but does no damage.
You hit the minotaur but do no damage. Your headbutt misses the minotaur.
You slice the minotaur!! You freeze the minotaur.
The minotaur is heavily wounded.
The minotaur drinks a potion.
The minotaur is healed!
You slash the minotaur! You freeze the minotaur.
The minotaur is severely wounded.
The minotaur hits you with a staff of fire.
The minotaur burns you. The minotaur gores you!
You completely miss the minotaur. Your headbutt misses the minotaur.
The minotaur is severely wounded.
You hit the minotaur but do no damage.
The minotaur is severely wounded.
The minotaur hits you with a staff of fire!
The minotaur burns you! The minotaur gores you.
You barely miss the minotaur. You headbutt the minotaur!
The minotaur is severely wounded.
The minotaur hits you with a staff of fire!
The minotaur burns you! The minotaur gores you.
You barely miss the minotaur. Your headbutt misses the minotaur.
The minotaur is severely wounded.
The minotaur hits you with a staff of fire!!
* * * LOW HITPOINT WARNING * * *
The minotaur burns you!
* * * LOW HITPOINT WARNING * * *
The minotaur gores you but does no damage.
You hit the minotaur. You freeze the minotaur.
The minotaur is severely wounded.
Unknown command.
You closely miss the minotaur.
The minotaur is severely wounded.
The minotaur hits you with a staff of fire!
* * * LOW HITPOINT WARNING * * *
The minotaur burns you!
* * * LOW HITPOINT WARNING * * *
The minotaur gores you but does no damage.
You closely miss the minotaur.
The minotaur is severely wounded.
The minotaur hits you with a staff of fire!
You die...

..............∩...........##
.........................§§#
#§#≈#≈#≈#≈########≈#§#≈#§###
###########.©..©.#########
##......##### .............#
.............#
.#.#######.#.## #. #.H@.#.#
#.##.# # .. .... ## ..#.#
#..#.# #... # #.8# ##


You could see a minotaur.

Vanquished Creatures
  An entropy weaver (Gauntlet)
  A two-headed ogre (D:9)
  A wolf spider (Gauntlet)
  An ice statue (Gauntlet)
  2 rime drakes (Gauntlet)
  A jumping spider (Gauntlet)
  A troll (D:10)
  Prince Ribbit (D:7)
  A ynoxinul (Gauntlet)
  2 wyverns (D:8)
  2 wraiths (D:9)
  19 yaks
  A basilisk (D:8)
  A steam dragon (D:10)
  Menkaure (D:7)
  An acid dragon (D:8)
  3 water moccasins (D:8)
  2 sky beasts
  An orc warrior (D:9)
  A black bear (D:5)
  2 ogres
  5 centaurs
  6 kobold brigands
  4 bullfrogs
  A scorpion (D:4)
  6 killer bees (D:8)
  4 wights (D:8)
  2 howler monkeys
  2 centaur zombies
  2 centaur skeletons
  A hound (D:6)
  A gnoll shaman (D:4)
  3 orc priests
  3 iron imps (Gauntlet)
  4 iguanas
  8 orc wizards
  A scorpion zombie (D:5)
  A killer bee zombie (D:3)
  A hound zombie (D:5)
  A gnoll (D:1)
  8 adders
  A river rat (Sewer)
  A shadow imp (D:6)
  3 white imps
  4 ufetubi
  An adder skeleton (D:4)
  A worm (Sewer)
  3 dart slugs
  17 orcs
  15 ball pythons
  4 bats
  18 endoplasms
  4 giant cockroaches
  A gnoll zombie (D:6)
  5 goblins
  5 hobgoblins
  A jackal (D:4)
  5 quokkas
  7 frilled lizards
  A hobgoblin zombie (D:6)
  23 kobolds
  10 rats
  A butterfly (D:9)
241 creatures vanquished.

Vanquished Creatures (collateral kills)
  The ghost of Lobster4 the Ducker, a novice GnWn of Okawaru (D:8)
  An ugly thing (D:8)
2 creatures vanquished.

Vanquished Creatures (others)
  An iron imp (Gauntlet)
  7 fungi
  15 plants
23 creatures vanquished.

Grand Total: 266 creatures vanquished

Notes
Turn   | Place    | Note
-------+----------+-------------------------------------------
     0 | D:1      | snetch the Minotaur Berserker began the quest for the Orb.
     0 | D:1      | Reached XP level 1. HP: 19/19 MP: 0/0
    58 | D:1      | Found a faded altar of an unknown god.
    95 | D:1      | Reached XP level 2. HP: 22/27 MP: 1/1
   237 | D:1      | Reached skill level 4 in Axes
   449 | D:1      | Reached ** piety under Trog
   477 | D:1      | Reached XP level 3. HP: 34/34 MP: 2/2
   628 | D:2      | Reached skill level 5 in Fighting
  1044 | D:2      | Reached XP level 4. HP: 38/42 MP: 3/3
  1538 | D:4      | Found a hazy altar of Hepliaklqana.
  1569 | D:5      | Entered Level 5 of the Dungeon
  1688 | D:3      | Reached XP level 5. HP: 40/48 MP: 4/4
  1699 | D:3      | Reached *** piety under Trog
  1700 | D:3      | Reached skill level 5 in Axes
  2546 | D:4      | Found a hide-covered altar of Uskayaw.
  2850 | D:4      | Reached XP level 6. HP: 19/57 MP: 5/5
  3179 | D:5      | Reached skill level 6 in Axes
  3599 | D:5      | Noticed a sky beast
  3611 | D:5      | Killed a sky beast
  3612 | D:5      | Reached XP level 7. HP: 38/63 MP: 6/6
  3663 | D:6      | Reached skill level 5 in Armour
  4003 | D:6      | Found a glowing drain.
  4012 | Sewer    | Entered a sewer
  4066 | Sewer    | Reached skill level 7 in Axes
  4349 | Sewer    | Reached **** piety under Trog
  4599 | D:6      | Reached XP level 8. HP: 52/71 MP: 7/7
  5254 | D:5      | Reached skill level 8 in Axes
  5969 | D:7      | Reached skill level 1 in Maces & Flails
  6088 | D:7      | Noticed Prince Ribbit
  6117 | D:7      | Killed Prince Ribbit
  6118 | D:7      | Reached skill level 5 in Dodging
  6568 | D:7      | Found a sacrificial altar of Ru.
  6669 | D:7      | Found a staircase to the Ecumenical Temple.
  6679 | Temple   | Entered the Ecumenical Temple
  6831 | D:7      | Found an iron altar of Okawaru.
  7016 | D:8      | Reached skill level 9 in Axes
  7016 | D:8      | Reached XP level 9. HP: 33/81 MP: 8/8
  7056 | D:8      | Reached skill level 5 in Maces & Flails
  7398 | D:7      | Noticed Menkaure
  7406 | D:7      | Killed Menkaure
  7668 | D:8      | Found a staircase to the Lair.
  7718 | D:8      | Reached XP level 10. HP: 62/91 MP: 9/9
  7972 | D:8      | Reached skill level 10 in Axes
  8071 | D:8      | Found a runed translucent door.
  8072 | D:8      | Noticed Lobster4's ghost (novice GnWn)
  8072 | D:8      | Noticed a red ugly thing
  8557 | D:8      | Killed Lobster4's ghost
  8558 | D:8      | Reached skill level 10 in Fighting
  8560 | D:8      | Killed a red ugly thing
  8563 | D:8      | Found the +1 cloak of Starlight {*Dazzle EV+4 Stlth--}
  8835 | D:10     | Entered Level 10 of the Dungeon
  9105 | D:9      | Reached skill level 11 in Axes
  9311 | D:9      | Found a sparkling altar of Nemelex Xobeh.
  9338 | D:9      | Noticed a two-headed ogre
  9346 | D:9      | Killed a two-headed ogre
  9801 | D:10     | Reached XP level 11. HP: 94/101 MP: 10/10
  9803 | D:10     | Reached skill level 12 in Axes
 10010 | D:10     | Reached ***** piety under Trog
 10164 | D:9      | Found a shimmering altar of Xom.
 10252 | D:10     | Found a blossoming altar of Fedhas.
 10625 | D:11     | Found a gate leading to a gauntlet.
 10654 | Gauntlet | Entered a Gauntlet
 10654 | Gauntlet | Found a transporter.
 10654 | Gauntlet | Found a transporter.
 10654 | Gauntlet | Noticed a fire crab
 10681 | Gauntlet | Found a transporter.
 10682 | Gauntlet | Found a transporter.
 10696 | Gauntlet | Found a transporter.
 10698 | Gauntlet | Found a transporter.
 10700 | Gauntlet | Found a large runed translucent door.
 10701 | Gauntlet | Found a large runed translucent door.
 10702 | Gauntlet | Found a large runed translucent door.
 10702 | Gauntlet | Found a large runed translucent door.
 10702 | Gauntlet | Found a runed translucent door.
 10703 | Gauntlet | Found a large runed translucent door.
 10704 | Gauntlet | Found a large runed translucent door.
 10705 | Gauntlet | Found a large runed translucent door.
 10705 | Gauntlet | Found a large runed translucent door.
 10707 | Gauntlet | Found a runed translucent gate.
 10707 | Gauntlet | Found a runed translucent gate.
 10708 | Gauntlet | Noticed a reaper
 10709 | Gauntlet | Found a transporter.
 10720 | Gauntlet | Found a runed translucent gate.
 10721 | Gauntlet | Found a large runed translucent door.
 10722 | Gauntlet | Found a large runed translucent door.
 10723 | Gauntlet | Found a large runed translucent door.
 10732 | Gauntlet | Found a transporter.
 10742 | Gauntlet | Noticed an entropy weaver
 10743 | Gauntlet | Noticed a wolf spider
 10752 | Gauntlet | Found a transporter.
 10755 | Gauntlet | Found a transporter.
 10766 | Gauntlet | Found a transporter.
 10769 | Gauntlet | Found a transporter.
 10815 | Gauntlet | Found a large runed translucent door.
 10816 | Gauntlet | Found a large runed translucent door.
 10817 | Gauntlet | Found a large runed translucent door.
 10817 | Gauntlet | Found a large runed translucent door.
 10817 | Gauntlet | Found a runed translucent door.
 10818 | Gauntlet | Found a large runed translucent door.
 11110 | Gauntlet | Killed a wolf spider
 11111 | Gauntlet | Reached skill level 13 in Axes
 11112 | Gauntlet | Killed an entropy weaver
 11313 | Gauntlet | Identified the +8 troll leather armour of Impermeability
                  | {rF+ rN+ Regen+}
 11313 | Gauntlet | Noticed a minotaur
 11325 | Gauntlet | Slain by a minotaur

Illustrated notes

Levels and vault maps discovered:
D:1:      nzn_arrival_settlement, layout_basic,
          chequers_ecumenical_altar_simple_redux, grunt_decor_cap
D:2:      layout_basic, minmay_misc_feat_diagonals
D:3:      layout_loops_ring, kennysheep_generic_room_9
D:4:      minmay_chambers_of_fours, layout_basic,
          nicolae_hepliaklqana_hazy_memory, nicolae_overflow_crystal_walls
D:5:      layout_basic, kennysheep_generic_room_4
D:6:      layout_basic, portal_sewer_entry_d, enter_ossuary_3
D:7:      layout_basic, nicolae_ru_sacrificial_ziggurat, kennysheep_mini_moat,
          minmay_temple_entry_arrows, serial_glass, glass_columns_a,
          glass_columns_a, uniq_menkaure, uniq_prince_ribbit1
D:8:      layout_loops_ring, minmay_lair_entry_grove, ebering_ghost_inner_flame,
          grunt_ministairs_13
D:9:      layout_basic, nemelex_diamond_rough_becter, xom_butterflies
D:10:     layout_cave_pools, fedhas_bush_and_centaur_altar
D:11:     layout_roguey, gauntlet_entry_generic
Temple:   regret_index_temple_waves
Gauntlet: minmay_gauntlet_mixed_big_or_small
          [gammafunk_gauntlet_arena_arrow_garden, minmay_gauntlet_arena_77_mess,
          gammafunk_gauntlet_arena_teeth, minmay_gauntlet_arena_77_two_paths,
          minmay_gauntlet_arena_make_your_own_arena,
          minmay_gauntlet_arena_77_two_lines,
          nicolae_gauntlet_exit_dead_adventurers]

Skill      XL: |  1  2  3  4  5  6  7  8  9 10 11 |
---------------+----------------------------------+-----
Axes           | 4 5 6 7 9 11 13 | 13.3
Fighting       | 4 5 6 7 9 10 11 | 11.1
Dodging        | 3 4 5 6 7 |  7.9
Armour         | 3 4 5 6 7 9 |  9.0
Maces & Flails | 3 6 7 |  7.3

Action                   |  1- 3 |  4- 6 |  7- 9 | 10-12 || total
-------------------------+-------+-------+-------+-------++-------
Melee: Hand axe          |    55 |   131 |    96 |       ||   282
       Headbutt          |    12 |    16 |    50 |    42 ||   120
       Whip              |       |       |   159 |       ||   159
       Battleaxe         |       |       |     9 |   167 ||   176
       Morningstar       |       |       |       |    25 ||    25
Invok: Trog's Hand       |       |       |    10 |     2 ||    12
       Berserk           |       |       |     3 |     3 ||     6
       Brothers in Arms  |       |       |       |     1 ||     1
  Use: Scroll            |       |       |     2 |     4 ||     6
       Potion            |       |       |     1 |       ||     1
 Stab: Invisible         |       |       |       |     4 ||     4
Armor: Animal skin       |    10 |       |       |       ||    10
       Scale mail        |     3 |    41 |       |       ||    44
       Leather armour    |       |     8 |    72 |     8 ||    88
       Chain mail        |       |       |       |    63 ||    63
Dodge: Dodged            |    43 |    50 |   180 |   164 ||   437

Table legend: (Time is in decaauts)
 A = Elapsed time spent in this place.
 B = Non-inter-level travel time spent in this place.
 C = Inter-level travel time spent in this place.
 D = Time resting spent in this place.
 E = Time spent auto-exploring this place.
 F = Levels seen in this place.
 G = Mean time per level.
                   A        B        C        D        E       F      G
               +--------+--------+--------+--------+--------+-----+--------+
         Total |  11590 |  11183 |    407 |    348 |   7235 |  14 |  827.9 |
       Dungeon |  10068 |   9687 |    381 |    321 |   6648 |  11 |  915.3 |
        Temple |    108 |     82 |     26 |      0 |     81 |   1 |  108.0 |
         Sewer |    737 |    737 |      0 |      0 |     55 |   1 |  737.0 |
      Gauntlet |    676 |    676 |      0 |     27 |    451 |   1 |  676.0 |
               +--------+--------+--------+--------+--------+-----+--------+

Top non-repeatable levels by time:
     D:7: 1459 daAuts
     D:8: 1345 daAuts
     D:9: 1286 daAuts
     D:4: 1209 daAuts
     D:5: 1100 daAuts
     D:6: 875 daAuts
     D:3: 836 daAuts
     D:2: 801 daAuts
   Sewer: 737 daAuts
Gauntlet: 676 daAuts
     D:1: 581 daAuts
    D:10: 492 daAuts
  Temple: 108 daAuts
    D:11: 80 daAuts
